 Dungeon Crawl Stone Soup version 0.23.0 (webtiles) character file.

Game seed: 2346142929820206375

120 Kurtz the Cudgeler (level 4, -1/35 HPs)
             Began as a Mummy Chaos Knight on Feb 17, 2019.
             Was a Plaything of Xom.
             Slain by an orc
             ... wielding a +0 whip
              (3 damage)
             ... on level 3 of the Dungeon.
             The game lasted 00:01:41 (2094 turns).

Kurtz the Cudgeler (Mummy Chaos Knight)             Turns: 2094, Time: 00:01:42

Health: -1/35      AC:  5    Str: 15    XL:     4   Next: 75%
Magic:  4/4        EV: 11    Int: 11    God:    Xom [..*...]
Gold:   171        SH:  0    Dex: 12    Spells: 3/3 levels left

rFire    x . .     SeeInvis .   a - +0 mace (chaos)
rCold    + . .     Gourm    .   (no shield)
rNeg     + + +     Faith    .   b - +2 leather armour
rPois    ∞         Spirit   .   (no helmet)
rElec    .         Reflect  .   (no cloak)
rCorr    .         Harm     .   (no gloves)
MR       .....                  (no boots)
Stlth    +.........             (no amulet)
HPRegen  0.11/turn              (no ring)
MPRegen  0.09/turn              (no ring)

@: no status effects
A: no food or potions, fire vulnerability, cold resistance 1, negative energy
resistance 3, torment resistance, unbreathing
a: Renounce Religion


You were on level 3 of the Dungeon.
You worshipped Xom.
You were a toy of Xom.
You were not hungry.

You visited 1 branch of the dungeon, and saw 3 of its levels.

You collected 171 gold pieces.

Inventory:

Hand Weapons
 a - a +0 mace of chaos (weapon)
 i - a +2 dagger of venom
Armour
 b - a +2 leather armour (worn)
 h - a +0 cloak
Magical Staves
 l - an uncursed staff of poison {unknown}
Scrolls
 c - a scroll of noise {unknown}
 d - a scroll of teleportation {unknown}
 e - a scroll of immolation {unknown}
 f - a scroll of magic mapping
 g - 2 scrolls of identify
 j - a scroll of remove curse {unknown}
 k - a scroll of enchant weapon {unknown}
Potions
 m - a potion of ambrosia {unknown}


   Skills:
 - Level 3.0 Fighting
 * Level 4.6 Maces & Flails
 - Level 1.5 Armour
 - Level 0.7 Dodging


You had 3 spell levels left.
You didn't know any spells.
Your spell library was empty.

Dungeon Overview and Level Annotations

Branches:
Dungeon (3/15)

Altars:
Xom


Innate Abilities, Weirdness & Mutations

You do not eat or drink.
Your flesh is vulnerable to fire.
You are immune to poison.
Your flesh is cold resistant. (rC+)
You are immune to negative energy. (rN+++)
You are immune to unholy pain and torment.
You can survive without breathing.


Message History

A bat comes into view.
Unknown command.
You barely miss the adder. The quokka closely misses you.
The adder completely misses you. The orc hits you with a +0 short sword.
* * * LOW HITPOINT WARNING * * *
The orc hits you but does no damage. x3
The quokka bites you but does no damage.
Unknown command.
Unknown command.
The quokka bites you.
* * * LOW HITPOINT WARNING * * *
The adder bites you.
* * * LOW HITPOINT WARNING * * *
As you read the scroll labeled QOM HATASOKK, it crumbles to dust.
It is a scroll of identify.
f - a scroll of magic mapping The quokka bites you but does no damage.
The orc hits you with a +0 whip.
You die...
Xom giggles madly!

####### #####
.......##.o.##
.......)(oo..##
.......rbS@...#
........or....#
.........g.?..#
..........(..##
.......##...##
......# #####
...... ......


You could see an adder, 4 orcs, a quokka, a goblin, a bat and a rat.

Vanquished Creatures
  An orc priest (D:3)
  2 adders (D:2)
  A gnoll (D:1)
  2 dart slugs
  An orc (D:2)
  10 bats
  6 goblins
  7 hobgoblins
  4 jackals (D:1)
  7 kobolds
  5 frilled lizards
  16 rats
62 creatures vanquished.

Notes
Turn   | Place    | Note
-------+----------+-------------------------------------------
     0 | D:1      | Kurtz the Mummy Chaos Knight began the quest for the Orb.
     0 | D:1      | Reached XP level 1. HP: 18/18 MP: 1/1
    49 | D:1      | Reached XP level 2. HP: 24/24 MP: 2/2
    50 | D:1      | Reached skill level 3 in Maces & Flails
   167 | D:1      | XOM: silly message
   364 | D:1      | XOM: harmless Tloc miscast
   365 | D:1      | Reached XP level 3. HP: 13/29 MP: 3/3
   594 | D:1      | XOM: butterfly on damage
   601 | D:1      | XOM: divination: magic mapping
   917 | D:1      | You fall through a shaft!
  1044 | D:2      | XOM: scenery: create altars
  1055 | D:2      | Reached skill level 4 in Maces & Flails
  1068 | D:2      | Reached XP level 4. HP: 24/35 MP: 4/4
  1695 | D:3      | XOM: summons friendly quasit
  1732 | D:2      | XOM: god gift: weird jewelled staff {god gift}
  1790 | D:2      | XOM: god gift: viscous black potion {god gift}
  1917 | D:3      | XOM: butterfly on damage
  2094 | D:3      | Slain by an orc

Skill      XL: |  1  2  3 |
---------------+----------+-----
Maces & Flails | 3 4 |  4.6
Fighting       | |  3.0
Armour         | |  1.5
Dodging        | |  0.7

Action                   |  1- 3 |  4- 6 || total
-------------------------+-------+-------++-------
Melee: Mace              |   135 |    43 ||   178
  Use: Scroll            |       |     1 ||     1
Armor: Leather armour    |    58 |    37 ||    95
Dodge: Dodged            |   116 |    48 ||   164
